 Dungeon Crawl Stone Soup version 0.23-a0-169-gb21e69520c (webtiles) character file.

80 PikkenKukken the Insei (level 4, -2/35 HPs)
             Began as a Demonspawn Monk on Sept 12, 2018.
             Was a Priest of Jiyva.
             Slain by a gnoll
             ... wielding a +0 club
              (3 damage)
             ... on level 3 of the Dungeon.
             The game lasted 00:02:55 (2483 turns).

PikkenKukken the Insei (Demonspawn Monk)            Turns: 2483, Time: 00:02:55

Health: -2/35      AC:  5    Str: 12    XL:     4   Next: 18%
Magic:  4/4        EV: 12    Int: 11    God:    Jiyva [***...]
Gold:   106        SH:  0    Dex: 16    Spells: 3/3 levels left

rFire    . . .     SeeInvis .     - Unarmed
rCold    + . .     Gourm    .   (no shield)
rNeg     . . .     Faith    .   g - +0 ring mail
rPois    .         Spirit   .   e - +0 hat
rElec    .         Reflect  .   (no cloak)
rCorr    +         Harm     .   (no gloves)
MR       .....                  (no boots)
Stlth    +.........             (no amulet)
HPRegen  0.11/turn              a - ring of ice
MPRegen  0.09/turn              (no ring)

@: no status effects
A: fire resistance 1, flame cloud immunity
a: Request Jelly, Renounce Religion


You were on level 3 of the Dungeon.
You worshipped Jiyva.
Jiyva was most pleased with you.
You were not hungry.

You visited 1 branch of the dungeon, and saw 3 of its levels.

You collected 106 gold pieces.

Inventory:

Armour
 e - a +0 hat (worn)
 g - a +0 ring mail (worn)
Jewellery
 a - a ring of ice (left hand)
Wands
 m - a wand of paralysis (14)
Scrolls
 i - a scroll of teleportation
 l - a scroll of enchant armour {unknown}
Potions
 d - a potion of invisibility {unknown}
 f - a potion of agility {unknown}
 h - 2 potions of might {unknown}
 j - a potion of heal wounds {unknown}
 k - 2 potions of brilliance {unknown}
Comestibles
 b - 3 rations
 c - 7 chunks of flesh


   Skills:
 + Level 3.4 Fighting
 + Level 1.3 Armour
 + Level 3.2 Dodging
 - Level 1.7 Stealth
 * Level 3.5 Unarmed Combat


You had 3 spell levels left.
You didn't know any spells.
Your spell library was empty.

Dungeon Overview and Level Annotations

Branches:
Dungeon (3/15)

Altars:
Elyvilon
Vehumet
Jiyva


Innate Abilities, Weirdness & Mutations

Your flesh is heat resistant. (rF+)
You are immune to clouds of flame.


Message History

The gnoll hits you from afar with a spear.
* * * LOW HITPOINT WARNING * * *
You hit the gnoll but do no damage.
The gnoll is moderately wounded.
The gnoll misses you.
The gnoll hits you from afar with a spear.
* * * LOW HITPOINT WARNING * * *
You hit the gnoll.
The gnoll is heavily wounded.
The gnoll closely misses you. The gnoll hits you but does no damage.
You hit the gnoll.
The gnoll is severely wounded.
The gnoll hits you with a club.
* * * LOW HITPOINT WARNING * * *
You hear a slurping noise.
You feel a little less hungry. The gnoll misses you.
You hit the gnoll but do no damage.
The gnoll is severely wounded.
The gnoll hits you with a club.
You die...

........# .....#..#
........# ####....#
......#.#
#######.########### .
#..÷J.........# ...
#####.#.#.#.#.#.#.#.....
................@..J#
........⌠.....⌠..g..#
####......._.....g..#
##...⌠.....⌠.....#
#...............(.
#.#.#.#.#.#.#......
#...................
##########..........


You could see 2 gnolls and a neutral ooze (fellow slime).

Vanquished Creatures
  2 adders (D:2)
  An ooze (D:1)
  2 worms (D:2)
  2 dart slugs (D:2)
  2 leopard geckos
  8 goblins
  3 hobgoblins
  5 jackals
  A ball python (D:3)
  3 bats
  A frilled lizard (D:1)
  3 kobolds
  6 rats
39 creatures vanquished.

Vanquished Creatures (others)
  A gnoll (D:3)
  An ooze (D:3)
  A leopard gecko (D:2)
3 creatures vanquished.

Grand Total: 42 creatures vanquished

Notes
Turn   | Place    | Note
-------+----------+-------------------------------------------
     0 | D:1      | PikkenKukken the Demonspawn Monk began the quest for the
                  | Orb.
     0 | D:1      | Reached XP level 1. HP: 18/18 MP: 1/1
   560 | D:1      | Gained mutation: Your flesh is heat resistant. (rF+)
                  | [demonic ancestry]
   560 | D:1      | Reached XP level 2. HP: 24/24 MP: 2/2
  1362 | D:2      | Reached XP level 3. HP: 5/29 MP: 3/3
  1680 | D:2      | Reached skill level 1 in Armour
  1889 | D:2      | Found a faded altar of an unknown god.
  1891 | D:2      | Became a worshipper of Jiyva Jumyme the Shapeless
  1891 | D:2      | Reached * piety under Jiyva
  1891 | D:2      | Reached ** piety under Jiyva
  2173 | D:2      | Found a radiant altar of Vehumet.
  2236 | D:2      | Reached *** piety under Jiyva
  2430 | D:3      | Found a white marble altar of Elyvilon.
  2461 | D:3      | Gained mutation: You are immune to clouds of flame.
                  | [demonic ancestry]
  2461 | D:3      | Reached XP level 4. HP: 35/35 MP: 4/4
  2482 | D:3      | HP: 1/35 [gnoll/club (4)]
  2483 | D:3      | Slain by a gnoll

Vault maps used:
D:1:      mrwooster_arrival_statue_3
D:2:      wad_crossroads, vehumet_crystals, first_ration,
          chequers_ecumenical_altar_twisty
D:3:      lemuel_round_altar, old_standard_altar, elyvilon_altar_5,
          portal_sewer_entry_d, roderic_cross_of_infinity, doesnt_xom_only_xom,
          uniq_crazy_yiuf_cottage, uniq_sigmund

Skill      XL: |  1  2  3 |
---------------+----------+-----
Unarmed Combat | 3 |  3.5
Dodging        | 3 |  3.2
Armour         | 1 |  1.3
Fighting       | |  3.4
Stealth        | |  1.7

Action                   |  1- 3 |  4- 6 || total
-------------------------+-------+-------++-------
Melee: Unarmed           |   204 |    21 ||   225
       Punch             |     1 |       ||     1
  Use: Scroll            |     4 |       ||     4
 Stab: Sleeping          |     7 |       ||     7
  Eat: Chunk             |     4 |       ||     4
Armor: Robe              |    14 |       ||    14
       Ring mail         |    35 |    10 ||    45
Dodge: Dodged            |   118 |    21 ||   139

Table legend:
 A = Non-vault XP
 B = Vault XP
 C = Vault XP percentage of total XP
 D = Non-vault monster count
 E = Vault monster count
 F = Vault count percentage of total count
                 A         B        C        D         E       F
            +---------+---------+-------+---------+---------+-------
      Total |      99 |      16 |  13.9 |      36 |       4 |  10.0
            +---------+---------+-------+---------+---------+-------
        D:1 |      31 |       0 |   0.0 |      16 |       0 |   0.0
        D:2 |      43 |      16 |  27.1 |      12 |       4 |  25.0
        D:3 |      25 |       0 |   0.0 |       8 |       0 |   0.0
            +---------+---------+-------+---------+---------+-------
